Predators vs Devils

Created - December 12, 2020 at 20:51

Goals
1 2 3 OT1 T
Predators 0 2 0 1 3
Devils 1 0 1 0 2
Shots
1 2 3 OT1 T
Predators 16 6 9 1 32
Devils 10 15 7 1 33

1st period

1. Devils , Marian Gaborik 9 (Tyler Ennis 12, Josh Gorges 3) at 7:09

Penalties :
No Penalty

2nd period

2. Predators , Justin Faulk 3 (Justin Abdelkader 6, John Moore 5) at 2:19
3. Predators , Justin Abdelkader 4 (Jack Eichel 5, Justin Faulk 14) at 12:05

Penalties :
Nick Bonino (NJD) for High sticking (Minor) at 7:05, Byron Bitz (Nas) for Holding (Minor) at 9:33

3rd period

4. Devils , Kristopher Letang 4 (Jamie Arniel 8, Chris Stewart 8) at 8:17

Penalties :
Ryan Kesler (Nas) for Roughing (Minor) at 0:32, Eric Tangradi (NJD) for High sticking (Double Minor) at 18:52

Overtime #1

5. Predators , Jaden Schwartz 8 (Justin Faulk 15, Mikael Granlund 20) at 1:31 (PP)

Penalties :
No Penalty

Goalie Stats

Anders Lindback (Nas), 31 saves from 33 shots - (0.939), W, 4-2-1, 61:31 minutes
Maxime Daigneault (NJD), 29 saves from 32 shots - (0.906), OTL, 11-7-3, 61:31 minutes

Players Stats for Predators

Player Name              G  A  P  +/- PIM S  H  SB GA TA FO     MP     PP MP  PK MP  
------------------------------------------------------------------------------------
Alex Killorn             0  0  0   0  0   0  2  0  0  0  0/0     8:41   0:00   0:00 
Alexander Edler          0  0  0  -2  0   2  1  2  2  1  0/0    29:05   1:51   2:30 
Alexander Ovechkin       0  0  0   0  0   4  1  1  1  1  0/1    22:08   1:37   0:33 
Andy Miele               0  0  0   0  0   1  1  0  1  1  18/34  21:29   0:29   2:25 
Brendan Gallagher        0  0  0  -1  0   1  1  0  1  0  0/1    16:31   1:26   1:01 
Byron Bitz               0  0  0   1  2   2  2  0  0  0  0/1    12:51   0:00   0:32 
Dmitri Kalinin           0  0  0   0  0   0  0  3  0  0  0/0    13:57   0:00   0:00 
Jack Eichel              0  1  1   1  0   2  0  0  0  0  2/5    13:52   1:14   0:00 
Jaden Schwartz           1  0  1  -1  0   3  2  0  1  1  0/2    16:33   1:26   1:00 
John Moore               0  1  1   2  0   0  1  3  0  3  0/0    26:16   1:15   1:28 
Justin Abdelkader        1  1  2   1  0   2  2  0  0  0  0/0    12:20   0:00   0:00 
Justin Faulk             1  2  3   2  0   3  2  2  2  0  0/0    20:17   1:15   1:28 
Mark Pysyk               0  0  0   0  0   0  0  0  0  0  0/0    10:57   0:00   2:25 
Mikael Granlund          0  1  1   0  0   7  1  0  1  0  2/3    21:21   1:40   0:00 
Nate Schmidt             0  0  0   0  0   0  0  0  0  0  0/0     3:01   0:00   0:00 
Nik Antropov             0  0  0   0  0   1  1  0  0  0  4/5     8:41   0:00   0:00 
Ryan Kesler              0  0  0  -1  2   4  2  1  0  0  11/19  15:05   1:26   0:00 
Ryan Mcdonagh            0  0  0  -2  0   0  1  2  0  0  0/0    28:58   1:51   2:30 

Players Stats for Devils

Player Name              G  A  P  +/- PIM S  H  SB GA TA FO     MP     PP MP  PK MP  
------------------------------------------------------------------------------------
Anton Stralman           0  0  0  -1  0   0  1  5  0  3  0/0    26:50   2:36   3:09 
Brad Richards            0  0  0   0  0   5  2  0  0  0  0/5    13:39   1:24   0:59 
Brad Richardson          0  0  0  -2  0   0  1  0  0  0  0/0     6:40   0:00   0:00 
Chris Stewart            0  1  1   1  0   2  0  0  0  1  0/0    17:06   1:24   0:00 
Eric Tangradi            0  0  0  -2  4   0  0  0  0  0  0/0     7:07   0:00   0:20 
Jamie Arniel             0  1  1   1  0   1  0  0  1  0  9/22   16:34   0:00   1:00 
Josh Gorges              0  1  1   1  0   0  2  2  0  0  0/0    21:59   1:22   2:18 
Kristopher Letang        1  0  1  -1  0   3  3  2  1  1  0/0    24:51   2:36   1:11 
Marian Gaborik           1  0  1   1  0   7  2  3  1  1  2/5    21:53   2:34   0:00 
Martin Samuelsson        0  0  0   0  0   3  0  0  0  0  2/2    12:29   0:00   1:38 
Matt Donovan             0  0  0   0  0   1  3  1  0  0  0/0    14:41   0:00   1:08 
Michael Del Zotto        0  0  0   1  0   1  1  0  2  1  0/0    21:21   1:22   1:28 
Nazem Kadri              0  0  0   1  0   2  0  0  1  0  19/33  21:53   2:34   0:00 
Nick Bonino              0  0  0  -2  2   0  1  0  0  0  0/1     6:48   0:00   0:00 
Patrick Kaleta           0  0  0   0  0   2  1  0  0  0  0/0    12:38   0:00   1:40 
Thomas Hickey            0  0  0   0  0   1  0  1  0  0  0/0    13:33   0:00   0:00 
Tyler Ennis              0  1  1   1  0   4  1  1  1  2  0/0    21:53   2:34   0:00 
Zach Parise              0  0  0   1  0   1  0  0  0  0  2/3    19:30   1:24   2:06 

3 Stars

1 - Justin Faulk (Nas)
2 - Justin Abdelkader (Nas)
3 - Marian Gaborik (NJD)

Power Play

Predators - 1 on 2 Attempt(s) - 50.00%
Devils - 0 on 3 Attempt(s) - 0.00%

Penalty Kill

Predators - 3 on 3 Attempt(s) - 100.00% - Score 0 goal in Penalty Kill
Devils - 1 on 2 Attempt(s) - 50.00% - Score 0 goal in Penalty Kill

Team Stat

Predators - Hits : 20 - Faceoff Wins : 37 - Blocked Shots : 14 - Penalty Minutes : 4
Devils - Hits : 18 - Faceoff Wins : 34 - Blocked Shots : 15 - Penalty Minutes : 6

Official

Referees : Unknown
Linesman : Unknown

Game Notes

Nate Schmidt is injured at 12:13 of 1st period (Sports Hernia)
14:28 of 2nd period - Penalty Shot by Ryan Mcdonagh for Predators - Stopped by Maxime Daigneault

Finance

Level 1 -- Attendance: 5509 (91.82%) -- Ticket Income $578,445
Level 2 -- Attendance: 4618 (92.36%) -- Ticket Income $300,170
Level 3 -- Attendance: 2000 (100.00%) -- Ticket Income $80,000
Level 4 -- Attendance: 3250 (81.25%) -- Ticket Income $97,500
Luxury Box -- Attendance: 1000 (100.00%) -- Ticket Income $180,000
Game was played at the The Pack Center.
Total Attendance: 16377 (90.98%)
Total Ticket Income: $1,236,115
Other Income: $185,417
Total Income: $1,421,532

Predators

5 vs 5 Forward 
   Center                   Left Wing                Right Wing               Time % Phy DF OF 
 1 Andy Miele               Alexander Ovechkin       Mikael Granlund          40     1   2  2  
 2 Ryan Kesler              Jaden Schwartz           Brendan Gallagher        30     1   2  2  
 3 Jack Eichel              Justin Abdelkader        Byron Bitz               18     1   2  2  
 4 Nik Antropov             Alex Killorn             Mark Pysyk               12     1   2  2  

5 vs 5 Defense 
   Defense                  Defense                                           Time % Phy DF OF 
 1 Ryan Mcdonagh            Alexander Edler                                   40     1   2  2  
 2 John Moore               Justin Faulk                                      30     1   2  2  
 3 Dmitri Kalinin           Nate Schmidt                                      20     1   2  2  
 4 Ryan Mcdonagh            Alexander Edler                                   10     1   2  2  

PowerPlay Forward 
   Center                   Left Wing                Right Wing               Time % Phy DF OF 
 1 Jack Eichel              Alexander Ovechkin       Mikael Granlund          60     1   1  3  
 2 Ryan Kesler              Jaden Schwartz           Brendan Gallagher        40     1   1  3  

PowerPlay Defense
   Defense                  Defense                                           Time % Phy DF OF 
 1 Ryan Mcdonagh            Alexander Edler                                   60     1   2  2  
 2 John Moore               Justin Faulk                                      40     1   2  2  

Penalty Kill 4 Players Forward 
   Center                   Wing                     Time % Phy DF OF 
 1 Andy Miele               Mark Pysyk               60     1   2  2  
 2 Jaden Schwartz           Byron Bitz               40     1   2  2  

Penalty Kill 4 Players Defense
   Defense                  Defense                  Time % Phy DF OF 
 1 Ryan Mcdonagh            Alexander Edler          60     1   2  2  
 2 John Moore               Nate Schmidt             40     1   1  3  

Penalty Kill - 3 Players Forward 
   Forward                                           Time % Phy DF OF 
 1 Alexander Ovechkin                                60     1   2  2  
 2 Mikael Granlund                                   40     1   2  2  

Penalty Kill - 3 Players Defense
   Defense                  Defense                  Time % Phy DF OF 
 1 Ryan Mcdonagh            Alexander Edler          60     1   2  2  
 2 John Moore               Nate Schmidt             40     1   2  2  

4 vs 4 Forward 
   Center                   Wing                     Time % Phy DF OF 
 1 Alexander Ovechkin       Mikael Granlund          60     1   2  2  
 2 Jaden Schwartz           Brendan Gallagher        40     1   2  2  

4 vs 4 Defense
   Defense                  Defense                  Time % Phy DF OF 
 1 Ryan Mcdonagh            Alexander Edler          60     1   2  2  
 2 John Moore               Justin Faulk             40     1   2  2  

Last Minutes Offensive
   Center                   Left Wing                Right Wing               Defense                  Defense                  
   Ryan Kesler              Alexander Ovechkin       Mikael Granlund          Ryan Mcdonagh            Alexander Edler          

Last Minutes Defensive
   Center                   Left Wing                Right Wing               Defense                  Defense                  
   Ryan Kesler              Alexander Ovechkin       Mikael Granlund          Ryan Mcdonagh            Alexander Edler          

Goaltenders
Starting : Anders Lindback          
Backup : Viktor Fasth             

Extra Forwards
Normal : Andy Miele, Justin Abdelkader, Nik Antropov - PP : Andy Miele, Justin Abdelkader - PK : Brendan Gallagher
Extra Defensemen
Normal : Dmitri Kalinin, Nate Schmidt, John Moore - PP : Dmitri Kalinin - PK : Justin Faulk, John Moore
Penalty Shots
Jaden Schwartz, Ryan Kesler, Alexander Ovechkin, Jack Eichel, Ryan Mcdonagh

Scratches
None

Devils

5 vs 5 Forward 
   Center                   Left Wing                Right Wing               Time % Phy DF OF 
 1 Nazem Kadri              Tyler Ennis              Marian Gaborik           36     0   2  3  
 2 Jamie Arniel             Zach Parise              Chris Stewart            32     0   2  3  
 3 Brad Richards            Martin Samuelsson        Patrick Kaleta           22     0   2  3  
 4 Nick Bonino              Eric Tangradi            Brad Richardson          10     0   2  3  

5 vs 5 Defense 
   Defense                  Defense                                           Time % Phy DF OF 
 1 Kristopher Letang        Anton Stralman                                    40     0   3  2  
 2 Michael Del Zotto        Josh Gorges                                       35     0   3  2  
 3 Thomas Hickey            Matt Donovan                                      25     0   3  2  
 4 Kristopher Letang        Anton Stralman                                    0      1   2  2  

PowerPlay Forward 
   Center                   Left Wing                Right Wing               Time % Phy DF OF 
 1 Nazem Kadri              Tyler Ennis              Marian Gaborik           60     0   1  4  
 2 Brad Richards            Zach Parise              Chris Stewart            40     0   1  4  

PowerPlay Defense
   Defense                  Defense                                           Time % Phy DF OF 
 1 Kristopher Letang        Anton Stralman                                    60     0   1  4  
 2 Michael Del Zotto        Josh Gorges                                       40     0   1  4  

Penalty Kill 4 Players Forward 
   Center                   Wing                     Time % Phy DF OF 
 1 Martin Samuelsson        Patrick Kaleta           60     1   3  1  
 2 Jamie Arniel             Zach Parise              40     1   3  1  

Penalty Kill 4 Players Defense
   Defense                  Defense                  Time % Phy DF OF 
 1 Anton Stralman           Josh Gorges              60     1   4  0  
 2 Michael Del Zotto        Matt Donovan             40     1   4  0  

Penalty Kill - 3 Players Forward 
   Forward                                           Time % Phy DF OF 
 1 Zach Parise                                       60     1   3  1  
 2 Brad Richards                                     40     1   3  1  

Penalty Kill - 3 Players Defense
   Defense                  Defense                  Time % Phy DF OF 
 1 Kristopher Letang        Anton Stralman           60     1   4  0  
 2 Michael Del Zotto        Josh Gorges              40     1   4  0  

4 vs 4 Forward 
   Center                   Wing                     Time % Phy DF OF 
 1 Nazem Kadri              Tyler Ennis              60     0   2  3  
 2 Brad Richards            Marian Gaborik           40     0   2  3  

4 vs 4 Defense
   Defense                  Defense                  Time % Phy DF OF 
 1 Kristopher Letang        Anton Stralman           60     0   3  2  
 2 Michael Del Zotto        Josh Gorges              40     0   3  2  

Last Minutes Offensive
   Center                   Left Wing                Right Wing               Defense                  Defense                  
   Nazem Kadri              Tyler Ennis              Marian Gaborik           Kristopher Letang        Michael Del Zotto        

Last Minutes Defensive
   Center                   Left Wing                Right Wing               Defense                  Defense                  
   Jamie Arniel             Zach Parise              Patrick Kaleta           Josh Gorges              Anton Stralman           

Goaltenders
Starting : Maxime Daigneault        
Backup : Thomas McCollum          

Extra Forwards
Normal : Brad Richards, Patrick Kaleta, Martin Samuelsson - PP : Jamie Arniel, Patrick Kaleta - PK : Brad Richards
Extra Defensemen
Normal : Kristopher Letang, Matt Donovan, Michael Del Zotto - PP : Michael Del Zotto - PK : Kristopher Letang, Anton Stralman
Penalty Shots
Marian Gaborik, Tyler Ennis, Nazem Kadri, Chris Stewart, Zach Parise

Scratches
Mike Weber (Healthy)

% Time on Ice - Predators

Lines # - Real PCT - Wanted PCT - Time Play
Normal Forward
1 - 33% - 40% - 17:28
2 - 29% - 30% - 15:29
3 - 23% - 18% - 12:20
4 - 14% - 12% - 7:39
Normal Defense
1 - 37% - 40% - 19:26
2 - 28% - 30% - 14:54
3 - 30% - 20% - 16:08
4 - 5% - 10% - 2:28
PP Forward
1 - 54% - 60% - 1:40
2 - 46% - 40% - 1:26
PP Defense
1 - 60% - 60% - 1:51
2 - 40% - 40% - 1:15
PK Forward
1 - 75% - 60% - 2:58
2 - 25% - 40% - 1:00
PK Defense
1 - 63% - 60% - 2:30
2 - 37% - 40% - 1:28
PK3 Forward
1 - 0% - 60%
2 - 0% - 40%
PK3 Defense
1 - 0% - 60%
2 - 0% - 40%
44 Forward
1 - 74% - 60% - 1:07
2 - 26% - 40% - 0:24
44 Defense
1 - 59% - 60% - 0:54
2 - 41% - 40% - 0:37
Last Minute Offensive  - 0:00
Last Minute Defensive  - 0:00
Total
Forward - 61:31
Defense - 61:31

% Time on Ice - Devils

Lines # - Real PCT - Wanted PCT - Time Play
Normal Forward
1 - 36% - 36% - 19:19
2 - 34% - 32% - 17:51
3 - 19% - 22% - 10:02
4 - 11% - 10% - 5:44
Normal Defense
1 - 40% - 40% - 21:04
2 - 35% - 35% - 18:31
3 - 25% - 25% - 13:21
4 - 0% - 0% - 0:00
PP Forward
1 - 65% - 60% - 2:34
2 - 35% - 40% - 1:24
PP Defense
1 - 66% - 60% - 2:36
2 - 34% - 40% - 1:22
PK Forward
1 - 68% - 60% - 2:06
2 - 32% - 40% - 1:00
PK Defense
1 - 63% - 60% - 1:58
2 - 37% - 40% - 1:08
PK3 Forward
1 - 73% - 60% - 1:06
2 - 27% - 40% - 0:25
PK3 Defense
1 - 78% - 60% - 1:11
2 - 22% - 40% - 0:20
44 Forward
1 - 0% - 60%
2 - 0% - 40%
44 Defense
1 - 0% - 60%
2 - 0% - 40%
Last Minute Offensive  - 0:00
Last Minute Defensive  - 0:00
Total
Forward - 61:31
Defense - 61:31

Play-by-Play

1st period


0:01 of 1st period - Nazem Kadri wins face-off versus Andy Miele in neutral zone.
1:07 of 1st period - Slapshot by Kristopher Letang.
1:07 of 1st period - Stopped by Anders Lindback without a rebound.
1:08 of 1st period - Nik Antropov wins face-off versus Nick Bonino in Predators zone.
1:20 of 1st period - Off-side.
1:21 of 1st period - Andy Miele wins face-off versus Jamie Arniel in neutral zone.
1:52 of 1st period - Wrist shot by Nazem Kadri.
1:52 of 1st period - Shot Blocked by Alexander Edler.
1:54 of 1st period - Snap shot by Marian Gaborik.
1:54 of 1st period - Shot Misses the Net.
1:56 of 1st period - Slapshot by Matt Donovan.
1:56 of 1st period - Deflect By Nazem Kadri.
1:56 of 1st period - Shot Misses the Net.
1:56 of 1st period - Puck is out of play.
1:57 of 1st period - Nazem Kadri wins face-off versus Andy Miele in Predators zone.
1:58 of 1st period - Wrist shot by Marian Gaborik.
1:58 of 1st period - Stopped by Anders Lindback without a rebound.
1:59 of 1st period - Andy Miele wins face-off versus Nazem Kadri in Predators zone.
2:08 of 1st period - Snap shot by Alexander Ovechkin.
2:08 of 1st period - Deflect By Mikael Granlund.
2:08 of 1st period - Deflect By Tyler Ennis.
2:08 of 1st period - Shot Misses the Net.
2:08 of 1st period - Puck is out of play.
2:09 of 1st period - Ryan Kesler wins face-off versus Brad Richards in Devils zone.
2:22 of 1st period - Wrist shot by Brad Richards.
2:22 of 1st period - Stopped by Anders Lindback without a rebound.
2:23 of 1st period - Jamie Arniel wins face-off versus Andy Miele in Predators zone.
2:32 of 1st period - Backhand shot by Mikael Granlund.
2:32 of 1st period - Stopped by Maxime Daigneault with a rebound.
2:34 of 1st period - Snap shot by Ryan Mcdonagh.
2:34 of 1st period - Shot Blocked by Josh Gorges.
2:36 of 1st period - Wrist shot by Alexander Edler.
2:36 of 1st period - Stopped by Maxime Daigneault without a rebound.
2:37 of 1st period - Jack Eichel wins face-off versus Nazem Kadri in Devils zone.
2:38 of 1st period - Wrist shot by Justin Abdelkader.
2:38 of 1st period - Stopped by Maxime Daigneault with a rebound.
3:04 of 1st period - Matt Donovan is hit by Alexander Ovechkin and loses puck.
3:33 of 1st period - Brad Richards is hit by Brendan Gallagher and loses puck.
4:32 of 1st period - Snap shot by Alexander Ovechkin.
4:32 of 1st period - Deflect By Mikael Granlund.
4:32 of 1st period - Stopped by Maxime Daigneault with a rebound.
4:34 of 1st period - Snap shot by Alexander Ovechkin.
4:34 of 1st period - Stopped by Maxime Daigneault without a rebound.
4:35 of 1st period - Andy Miele wins face-off versus Jamie Arniel in Devils zone.
4:40 of 1st period - Snap shot by Alexander Ovechkin.
4:40 of 1st period - Shot Misses the Net.
5:02 of 1st period - Off-side.
5:03 of 1st period - Ryan Kesler wins face-off versus Marian Gaborik in neutral zone.
5:12 of 1st period - Slapshot by Jaden Schwartz.
5:12 of 1st period - Stopped by Maxime Daigneault with a rebound.
5:14 of 1st period - Slapshot by Dmitri Kalinin.
5:14 of 1st period - Deflect By Ryan Kesler.
5:14 of 1st period - Stopped by Maxime Daigneault with a rebound.
5:16 of 1st period - Backhand shot by Ryan Kesler.
5:16 of 1st period - Stopped by Maxime Daigneault with a rebound.
5:18 of 1st period - Snap shot by Ryan Kesler.
5:18 of 1st period - Stopped by Maxime Daigneault with a rebound.
5:28 of 1st period - Nate Schmidt is hit by Matt Donovan and loses puck.
5:58 of 1st period - Slapshot by Nik Antropov.
5:58 of 1st period - Stopped by Maxime Daigneault with a rebound.
7:07 of 1st period - Wrist shot by Tyler Ennis.
7:07 of 1st period - Stopped by Anders Lindback with a rebound.
7:09 of 1st period - Snap shot by Marian Gaborik.
7:09 of 1st period - Goal by Marian Gaborik - Predators : 0 - Devils : 1.
7:10 of 1st period - Andy Miele wins face-off versus Nazem Kadri in neutral zone.
7:15 of 1st period - Wrist shot by Mikael Granlund.
7:15 of 1st period - Stopped by Maxime Daigneault without a rebound.
7:16 of 1st period - Nazem Kadri wins face-off versus Andy Miele in Devils zone.
7:33 of 1st period - Snap shot by Marian Gaborik.
7:33 of 1st period - Deflect By Nazem Kadri.
7:33 of 1st period - Stopped by Anders Lindback without a rebound.
7:34 of 1st period - Zach Parise wins face-off versus Ryan Kesler in Predators zone.
7:41 of 1st period - Snap shot by Jaden Schwartz.
7:41 of 1st period - Stopped by Maxime Daigneault without a rebound.
7:42 of 1st period - Ryan Kesler wins face-off versus Jamie Arniel in Devils zone.
8:27 of 1st period - Slapshot by Michael Del Zotto.
8:27 of 1st period - Deflect By Justin Faulk.
8:27 of 1st period - Stopped by Anders Lindback with a rebound.
8:33 of 1st period - Martin Samuelsson is hit by Alex Killorn and loses puck.
9:11 of 1st period - Wrist shot by Alexander Ovechkin.
9:11 of 1st period - Stopped by Maxime Daigneault without a rebound.
9:12 of 1st period - Andy Miele wins face-off versus Nazem Kadri in Devils zone.
9:39 of 1st period - Zach Parise is hit by Jaden Schwartz and loses puck.
10:06 of 1st period - Nate Schmidt is hit by Anton Stralman and loses puck.
10:17 of 1st period - Anton Stralman is hit by Nik Antropov and loses puck.
11:04 of 1st period - John Moore is hit by Nick Bonino and loses puck.
11:37 of 1st period - Alexander Edler is hit by Matt Donovan and loses puck.
12:12 of 1st period - Nate Schmidt is hit by Brad Richards and loses puck.
12:13 of 1st period - Nate Schmidt from Predators is injured at 12:13 of 1st period (Sports Hernia).
12:14 of 1st period - Ryan Kesler wins face-off versus Nazem Kadri in Predators zone.
12:29 of 1st period - Josh Gorges is hit by Ryan Mcdonagh and loses puck.
12:49 of 1st period - Wrist shot by Tyler Ennis.
12:49 of 1st period - Shot Misses the Net.
13:07 of 1st period - Wrist shot by Jamie Arniel.
13:07 of 1st period - Shot Misses the Net.
13:29 of 1st period - Martin Samuelsson is hit by Ryan Kesler and loses puck.
13:36 of 1st period - Ryan Kesler is hit by Kristopher Letang and loses puck.
14:06 of 1st period - Off-side.
14:07 of 1st period - Nik Antropov wins face-off versus Jamie Arniel in neutral zone.
14:56 of 1st period - Snap shot by Patrick Kaleta.
14:56 of 1st period - Deflect By Martin Samuelsson.
14:56 of 1st period - Stopped by Anders Lindback without a rebound.
14:57 of 1st period - Ryan Kesler wins face-off versus Brad Richards in Predators zone.
15:02 of 1st period - Snap shot by Brendan Gallagher.
15:02 of 1st period - Stopped by Maxime Daigneault without a rebound.
15:03 of 1st period - Ryan Kesler wins face-off versus Marian Gaborik in Devils zone.
16:08 of 1st period - Alex Killorn is hit by Tyler Ennis and loses puck.
16:14 of 1st period - Icing by Dmitri Kalinin.
16:15 of 1st period - Marian Gaborik wins face-off versus Nik Antropov in Predators zone.
16:16 of 1st period - Wrist shot by Tyler Ennis.
16:16 of 1st period - Stopped by Anders Lindback with a rebound.
16:18 of 1st period - Backhand shot by Matt Donovan.
16:18 of 1st period - Shot Misses the Net.
16:28 of 1st period - Snap shot by Marian Gaborik.
16:28 of 1st period - Stopped by Anders Lindback without a rebound.
16:29 of 1st period - Andy Miele wins face-off versus Jamie Arniel in Predators zone.
16:38 of 1st period - Slapshot by Alexander Edler.
16:38 of 1st period - Deflect By Alexander Ovechkin.
16:38 of 1st period - Shot Misses the Net.
16:38 of 1st period - Puck is out of play.
16:39 of 1st period - Andy Miele wins face-off versus Jamie Arniel in Devils zone.
17:00 of 1st period - Snap shot by Alexander Ovechkin.
17:00 of 1st period - Shot Misses the Net.
17:22 of 1st period - Wrist shot by Mikael Granlund.
17:22 of 1st period - Stopped by Maxime Daigneault without a rebound.
17:23 of 1st period - Ryan Kesler wins face-off versus Nazem Kadri in Devils zone.
17:26 of 1st period - Snap shot by Jaden Schwartz.
17:26 of 1st period - Deflect By Ryan Kesler.
17:26 of 1st period - Stopped by Maxime Daigneault with a rebound.
17:29 of 1st period - Icing by Marian Gaborik.
17:30 of 1st period - Nazem Kadri wins face-off versus Ryan Kesler in Devils zone.
17:45 of 1st period - Icing by Michael Del Zotto.
17:46 of 1st period - Nazem Kadri wins face-off versus Andy Miele in Devils zone.
18:47 of 1st period - Ryan Mcdonagh is hit by Marian Gaborik and loses puck.
19:02 of 1st period - Snap shot by Marian Gaborik.
19:02 of 1st period - Shot Misses the Net.
19:10 of 1st period - Snap shot by Marian Gaborik.
19:10 of 1st period - Shot Misses the Net.
19:26 of 1st period - Snap shot by Nazem Kadri.
19:26 of 1st period - Deflect By Tyler Ennis.
19:26 of 1st period - Shot Blocked by Alexander Ovechkin.
19:26 of 1st period - Puck is out of play.
19:27 of 1st period - Ryan Kesler wins face-off versus Jamie Arniel in Predators zone.
19:54 of 1st period - Martin Samuelsson is hit by Byron Bitz.
Goals for this period are 0 for Predators vs 1 for Devils.
Shots for this period are 16 for Predators vs 10 for Devils.

2nd period


0:01 of 2nd period - Jamie Arniel wins face-off versus Ryan Kesler in neutral zone.
0:30 of 2nd period - Mikael Granlund is hit by Kristopher Letang and loses puck.
1:31 of 2nd period - Michael Del Zotto is hit by Justin Faulk and loses puck.
1:54 of 2nd period - Andy Miele is hit by Patrick Kaleta and loses puck.
2:17 of 2nd period - Backhand shot by Justin Abdelkader.
2:17 of 2nd period - Shot Blocked by Anton Stralman.
2:19 of 2nd period - Snap shot by Justin Faulk.
2:19 of 2nd period - Goal by Justin Faulk - Predators : 1 - Devils : 1.
2:20 of 2nd period - Jamie Arniel wins face-off versus Ryan Kesler in neutral zone.
3:16 of 2nd period - Snap shot by Tyler Ennis.
3:16 of 2nd period - Shot Blocked by Dmitri Kalinin.
3:41 of 2nd period - Snap shot by Eric Tangradi.
3:41 of 2nd period - Shot Blocked by Dmitri Kalinin.
4:15 of 2nd period - Snap shot by Kristopher Letang.
4:15 of 2nd period - Stopped by Anders Lindback without a rebound.
4:16 of 2nd period - Andy Miele wins face-off versus Brad Richards in Predators zone.
4:29 of 2nd period - Snap shot by Martin Samuelsson.
4:29 of 2nd period - Stopped by Anders Lindback with a rebound.
4:47 of 2nd period - Wrist shot by Nazem Kadri.
4:47 of 2nd period - Stopped by Anders Lindback with a rebound.
4:49 of 2nd period - Snap shot by Tyler Ennis.
4:49 of 2nd period - Stopped by Anders Lindback with a rebound.
4:51 of 2nd period - Snap shot by Michael Del Zotto.
4:51 of 2nd period - Shot Blocked by Ryan Mcdonagh.
6:14 of 2nd period - Snap shot by Nazem Kadri.
6:14 of 2nd period - Shot Blocked by Ryan Kesler.
6:16 of 2nd period - Snap shot by Tyler Ennis.
6:16 of 2nd period - Shot Blocked by Dmitri Kalinin.
6:18 of 2nd period - Snap shot by Tyler Ennis.
6:18 of 2nd period - Shot Blocked by John Moore.
6:20 of 2nd period - Snap shot by Thomas Hickey.
6:20 of 2nd period - Stopped by Anders Lindback with a rebound.
7:05 of 2nd period - Minor Penalty to Nick Bonino for High sticking.
7:06 of 2nd period - Martin Samuelsson wins face-off versus Mikael Granlund in Devils zone.
8:51 of 2nd period - Alexander Edler is hit by Michael Del Zotto and loses puck.
9:05 of 2nd period - Penalty to Nick Bonino is over, Nick Bonino is back on ice.
9:22 of 2nd period - Jamie Arniel is hit by Alex Killorn.
9:33 of 2nd period - Minor Penalty to Byron Bitz for Holding.
9:34 of 2nd period - Andy Miele wins face-off versus Marian Gaborik in Predators zone.
9:45 of 2nd period - Slapshot by Justin Faulk.
9:45 of 2nd period - Shot Misses the Net.
9:47 of 2nd period - Slapshot by Justin Faulk.
9:47 of 2nd period - Stopped by Maxime Daigneault without a rebound.
9:48 of 2nd period - Andy Miele wins face-off versus Nazem Kadri in Devils zone.
10:23 of 2nd period - Wrist shot by Brad Richards.
10:23 of 2nd period - Stopped by Anders Lindback without a rebound.
10:24 of 2nd period - Andy Miele wins face-off versus Brad Richards in Predators zone.
10:57 of 2nd period - Snap shot by Tyler Ennis.
10:57 of 2nd period - Stopped by Anders Lindback without a rebound.
10:58 of 2nd period - Nazem Kadri wins face-off versus Jaden Schwartz in Predators zone.
11:11 of 2nd period - Backhand shot by Tyler Ennis.
11:11 of 2nd period - Shot Misses the Net.
11:13 of 2nd period - Slapshot by Marian Gaborik.
11:13 of 2nd period - Stopped by Anders Lindback without a rebound.
11:14 of 2nd period - Nazem Kadri wins face-off versus Andy Miele in Predators zone.
11:22 of 2nd period - Snap shot by Marian Gaborik.
11:22 of 2nd period - Shot Misses the Net.
11:33 of 2nd period - Penalty to Byron Bitz is over, Byron Bitz is back on ice.
12:05 of 2nd period - Wrist shot by Justin Abdelkader.
12:05 of 2nd period - Goal by Justin Abdelkader - Predators : 2 - Devils : 1.
12:06 of 2nd period - Nazem Kadri wins face-off versus Andy Miele in neutral zone.
12:19 of 2nd period - Snap shot by Marian Gaborik.
12:19 of 2nd period - Shot Misses the Net.
12:38 of 2nd period - Patrick Kaleta is hit by Mikael Granlund and loses puck.
13:17 of 2nd period - Snap shot by Brad Richards.
13:17 of 2nd period - Stopped by Anders Lindback without a rebound.
13:18 of 2nd period - Nazem Kadri wins face-off versus Ryan Kesler in Predators zone.
13:33 of 2nd period - Nazem Kadri is hit by Ryan Kesler and loses puck.
13:49 of 2nd period - Snap shot by Chris Stewart.
13:49 of 2nd period - Stopped by Anders Lindback without a rebound.
13:50 of 2nd period - Jack Eichel wins face-off versus Jamie Arniel in Predators zone.
14:00 of 2nd period - Wrist shot by Jack Eichel.
14:00 of 2nd period - Shot Misses the Net.
14:02 of 2nd period - Snap shot by Jack Eichel.
14:02 of 2nd period - Stopped by Maxime Daigneault with a rebound.
14:04 of 2nd period - Snap shot by Jack Eichel.
14:04 of 2nd period - Stopped by Maxime Daigneault without a rebound.
14:05 of 2nd period - Nazem Kadri wins face-off versus Ryan Kesler in Devils zone.
14:28 of 2nd period - Penalty Shot by Ryan Mcdonagh for Predators.
14:28 of 2nd period - Snap shot by Ryan Mcdonagh.
14:28 of 2nd period - Stopped by Maxime Daigneault.
14:29 of 2nd period - Jamie Arniel wins face-off versus Andy Miele in Predators zone.
14:43 of 2nd period - Icing by Mikael Granlund.
14:44 of 2nd period - Andy Miele wins face-off versus Nazem Kadri in Predators zone.
15:11 of 2nd period - John Moore is hit by Kristopher Letang and loses puck.
15:20 of 2nd period - Wrist shot by Andy Miele.
15:20 of 2nd period - Stopped by Maxime Daigneault without a rebound.
15:21 of 2nd period - Jamie Arniel wins face-off versus Ryan Kesler in Devils zone.
15:48 of 2nd period - Icing by Jack Eichel.
15:49 of 2nd period - Nazem Kadri wins face-off versus Jack Eichel in Predators zone.
15:50 of 2nd period - Wrist shot by Marian Gaborik.
15:50 of 2nd period - Stopped by Anders Lindback without a rebound.
15:51 of 2nd period - Nazem Kadri wins face-off versus Andy Miele in Predators zone.
16:18 of 2nd period - Snap shot by Marian Gaborik.
16:18 of 2nd period - Stopped by Anders Lindback without a rebound.
16:19 of 2nd period - Ryan Kesler wins face-off versus Jamie Arniel in Predators zone.
16:19 of 2nd period - Ryan Kesler is hit by Josh Gorges.
16:47 of 2nd period - Snap shot by Alexander Ovechkin.
16:47 of 2nd period - Shot Misses the Net.
16:49 of 2nd period - Slapshot by Alexander Ovechkin.
16:49 of 2nd period - Shot Blocked by Marian Gaborik.
17:09 of 2nd period - Snap shot by Patrick Kaleta.
17:09 of 2nd period - Stopped by Anders Lindback without a rebound.
17:10 of 2nd period - Nik Antropov wins face-off versus Brad Richards in Predators zone.
17:26 of 2nd period - Wrist shot by Brad Richards.
17:26 of 2nd period - Deflect By Martin Samuelsson.
17:26 of 2nd period - Shot Blocked by Justin Faulk.
17:26 of 2nd period - Puck is out of play.
17:27 of 2nd period - Nazem Kadri wins face-off versus Andy Miele in Predators zone.
17:28 of 2nd period - Snap shot by Marian Gaborik.
17:28 of 2nd period - Stopped by Anders Lindback with a rebound.
18:23 of 2nd period - Snap shot by Patrick Kaleta.
18:23 of 2nd period - Shot Misses the Net.
18:25 of 2nd period - Wrist shot by Martin Samuelsson.
18:25 of 2nd period - Stopped by Anders Lindback without a rebound.
18:26 of 2nd period - Marian Gaborik wins face-off versus Byron Bitz in Predators zone.
19:05 of 2nd period - Wrist shot by Jack Eichel.
19:05 of 2nd period - Deflect By Justin Abdelkader.
19:05 of 2nd period - Shot Misses the Net.
19:05 of 2nd period - Puck is out of play.
19:06 of 2nd period - Jamie Arniel wins face-off versus Andy Miele in Devils zone.
19:35 of 2nd period - Snap shot by Michael Del Zotto.
19:35 of 2nd period - Shot Misses the Net.
19:43 of 2nd period - Brad Richards is hit by Jaden Schwartz and loses puck.
Goals for this period are 2 for Predators vs 0 for Devils.
Shots for this period are 6 for Predators vs 15 for Devils.

3rd period


0:01 of 3rd period - Nazem Kadri wins face-off versus Andy Miele in neutral zone.
0:29 of 3rd period - Off-side.
0:30 of 3rd period - Ryan Kesler wins face-off versus Jamie Arniel in neutral zone.
0:32 of 3rd period - Minor Penalty to Ryan Kesler for Roughing.
0:33 of 3rd period - Andy Miele wins face-off versus Nazem Kadri in Predators zone.
0:45 of 3rd period - Slapshot by Tyler Ennis.
0:45 of 3rd period - Shot Misses the Net.
1:28 of 3rd period - Slapshot by Brendan Gallagher.
1:28 of 3rd period - Deflect By Alexander Ovechkin.
1:28 of 3rd period - Stopped by Maxime Daigneault with a rebound.
1:30 of 3rd period - Snap shot by Brendan Gallagher.
1:30 of 3rd period - Shot Misses the Net.
2:08 of 3rd period - Ryan Mcdonagh is hit by Marian Gaborik and loses puck.
2:32 of 3rd period - Penalty to Ryan Kesler is over, Ryan Kesler is back on ice.
3:28 of 3rd period - Wrist shot by Patrick Kaleta.
3:28 of 3rd period - Shot Blocked by John Moore.
3:58 of 3rd period - Icing by Thomas Hickey.
3:59 of 3rd period - Nik Antropov wins face-off versus Nazem Kadri in Devils zone.
4:00 of 3rd period - Snap shot by Alexander Edler.
4:00 of 3rd period - Stopped by Maxime Daigneault without a rebound.
4:01 of 3rd period - Jamie Arniel wins face-off versus Andy Miele in Devils zone.
4:09 of 3rd period - Slapshot by Matt Donovan.
4:09 of 3rd period - Deflect By Andy Miele.
4:09 of 3rd period - Stopped by Anders Lindback with a rebound.
4:15 of 3rd period - Slapshot by Zach Parise.
4:15 of 3rd period - Stopped by Anders Lindback without a rebound.
4:16 of 3rd period - Nazem Kadri wins face-off versus Brendan Gallagher in Predators zone.
4:17 of 3rd period - Slapshot by Tyler Ennis.
4:17 of 3rd period - Shot Misses the Net.
4:27 of 3rd period - Wrist shot by Nazem Kadri.
4:27 of 3rd period - Shot Blocked by Ryan Mcdonagh.
4:43 of 3rd period - Zach Parise is hit by Andy Miele and loses puck.
4:52 of 3rd period - Alexander Edler is hit by Josh Gorges and loses puck.
5:03 of 3rd period - Slapshot by Patrick Kaleta.
5:03 of 3rd period - Shot Misses the Net.
5:05 of 3rd period - Wrist shot by Brad Richards.
5:05 of 3rd period - Stopped by Anders Lindback with a rebound.
5:29 of 3rd period - John Moore is hit by Brad Richardson and loses puck.
5:52 of 3rd period - Wrist shot by Michael Del Zotto.
5:52 of 3rd period - Deflect By Zach Parise.
5:52 of 3rd period - Shot Blocked by John Moore.
5:52 of 3rd period - Puck is out of play.
5:53 of 3rd period - Mikael Granlund wins face-off versus Jamie Arniel in Predators zone.
5:57 of 3rd period - Off-side.
5:58 of 3rd period - Nazem Kadri wins face-off versus Andy Miele in neutral zone.
6:13 of 3rd period - Wrist shot by Alexander Ovechkin.
6:13 of 3rd period - Stopped by Maxime Daigneault with a rebound.
6:15 of 3rd period - Snap shot by Alexander Ovechkin.
6:15 of 3rd period - Shot Misses the Net.
6:38 of 3rd period - Off-side.
6:39 of 3rd period - Nazem Kadri wins face-off versus Jack Eichel in neutral zone.
7:00 of 3rd period - Anton Stralman is hit by Justin Abdelkader and loses puck.
7:07 of 3rd period - Wrist shot by Byron Bitz.
7:07 of 3rd period - Stopped by Maxime Daigneault with a rebound.
7:09 of 3rd period - Wrist shot by Byron Bitz.
7:09 of 3rd period - Deflect By Jack Eichel.
7:09 of 3rd period - Shot Blocked by Tyler Ennis.
7:09 of 3rd period - Puck is out of play.
7:10 of 3rd period - Andy Miele wins face-off versus Jamie Arniel in Devils zone.
7:11 of 3rd period - Snap shot by Alexander Ovechkin.
7:11 of 3rd period - Deflect By Josh Gorges.
7:11 of 3rd period - Shot Blocked by Josh Gorges.
7:11 of 3rd period - Puck is out of play.
7:12 of 3rd period - Andy Miele wins face-off versus Jamie Arniel in Devils zone.
7:25 of 3rd period - Wrist shot by Mikael Granlund.
7:25 of 3rd period - Stopped by Maxime Daigneault without a rebound.
7:26 of 3rd period - Andy Miele wins face-off versus Nazem Kadri in Devils zone.
7:36 of 3rd period - Snap shot by Mikael Granlund.
7:36 of 3rd period - Stopped by Maxime Daigneault without a rebound.
7:37 of 3rd period - Andy Miele wins face-off versus Nazem Kadri in Devils zone.
7:44 of 3rd period - Slapshot by Alexander Ovechkin.
7:44 of 3rd period - Shot Misses the Net.
7:46 of 3rd period - Wrist shot by Alexander Ovechkin.
7:46 of 3rd period - Shot Blocked by Anton Stralman.
7:48 of 3rd period - Slapshot by John Moore.
7:48 of 3rd period - Shot Blocked by Anton Stralman.
7:50 of 3rd period - Slapshot by Justin Faulk.
7:50 of 3rd period - Stopped by Maxime Daigneault with a rebound.
7:52 of 3rd period - Snap shot by Andy Miele.
7:52 of 3rd period - Shot Misses the Net.
7:54 of 3rd period - Wrist shot by Mikael Granlund.
7:54 of 3rd period - Shot Blocked by Anton Stralman.
8:01 of 3rd period - Icing by Nazem Kadri.
8:02 of 3rd period - Nazem Kadri wins face-off versus Ryan Kesler in Devils zone.
8:15 of 3rd period - Wrist shot by Jamie Arniel.
8:15 of 3rd period - Shot Misses the Net.
8:17 of 3rd period - Slapshot by Kristopher Letang.
8:17 of 3rd period - Goal by Kristopher Letang - Predators : 2 - Devils : 2.
8:18 of 3rd period - Andy Miele wins face-off versus Nazem Kadri in neutral zone.
8:37 of 3rd period - Icing by John Moore.
8:38 of 3rd period - Jamie Arniel wins face-off versus Andy Miele in Predators zone.
8:45 of 3rd period - Snap shot by Jamie Arniel.
8:45 of 3rd period - Stopped by Anders Lindback with a rebound.
8:51 of 3rd period - Snap shot by Mikael Granlund.
8:51 of 3rd period - Stopped by Maxime Daigneault without a rebound.
8:52 of 3rd period - Ryan Kesler wins face-off versus Nazem Kadri in Devils zone.
8:55 of 3rd period - Slapshot by Jaden Schwartz.
8:55 of 3rd period - Shot Blocked by Anton Stralman.
8:57 of 3rd period - Wrist shot by Ryan Kesler.
8:57 of 3rd period - Shot Blocked by Kristopher Letang.
9:17 of 3rd period - Marian Gaborik is hit by Byron Bitz and loses puck.
9:22 of 3rd period - Slapshot by Ryan Mcdonagh.
9:22 of 3rd period - Shot Blocked by Marian Gaborik.
9:24 of 3rd period - Wrist shot by Justin Abdelkader.
9:24 of 3rd period - Deflect By Byron Bitz.
9:24 of 3rd period - Stopped by Maxime Daigneault with a rebound.
9:26 of 3rd period - Slapshot by Justin Abdelkader.
9:26 of 3rd period - Shot Misses the Net.
9:50 of 3rd period - Wrist shot by Chris Stewart.
9:50 of 3rd period - Shot Blocked by Justin Faulk.
9:52 of 3rd period - Snap shot by Jamie Arniel.
9:52 of 3rd period - Shot Misses the Net.
10:46 of 3rd period - Snap shot by Chris Stewart.
10:46 of 3rd period - Stopped by Anders Lindback without a rebound.
10:47 of 3rd period - Nazem Kadri wins face-off versus Jack Eichel in Predators zone.
11:31 of 3rd period - Tyler Ennis is hit by Justin Abdelkader and loses puck.
11:40 of 3rd period - Tyler Ennis is hit by Alexander Edler and loses puck.
12:04 of 3rd period - Wrist shot by Nazem Kadri.
12:04 of 3rd period - Shot Blocked by Alexander Edler.
13:29 of 3rd period - Jack Eichel is hit by Matt Donovan and loses puck.
13:40 of 3rd period - Wrist shot by Byron Bitz.
13:40 of 3rd period - Shot Blocked by Thomas Hickey.
13:50 of 3rd period - Wrist shot by Justin Abdelkader.
13:50 of 3rd period - Shot Blocked by Marian Gaborik.
13:52 of 3rd period - Wrist shot by Justin Abdelkader.
13:52 of 3rd period - Shot Misses the Net.
13:54 of 3rd period - Slapshot by John Moore.
13:54 of 3rd period - Deflect By Jack Eichel.
13:54 of 3rd period - Shot Blocked by Matt Donovan.
13:54 of 3rd period - Puck is out of play.
13:55 of 3rd period - Jamie Arniel wins face-off versus Andy Miele in Devils zone.
14:02 of 3rd period - Snap shot by Kristopher Letang.
14:02 of 3rd period - Shot Misses the Net.
14:04 of 3rd period - Snap shot by Zach Parise.
14:04 of 3rd period - Shot Misses the Net.
14:24 of 3rd period - Snap shot by Patrick Kaleta.
14:24 of 3rd period - Stopped by Anders Lindback with a rebound.
15:13 of 3rd period - Wrist shot by Brendan Gallagher.
15:13 of 3rd period - Shot Blocked by Kristopher Letang.
15:15 of 3rd period - Slapshot by John Moore.
15:15 of 3rd period - Shot Misses the Net.
15:35 of 3rd period - Chris Stewart is hit by Justin Faulk and loses puck.
18:52 of 3rd period - Double Minor Penalty to Eric Tangradi for High sticking.
18:53 of 3rd period - Martin Samuelsson wins face-off versus Jaden Schwartz in Devils zone.
Goals for this period are 0 for Predators vs 1 for Devils.
Shots for this period are 9 for Predators vs 7 for Devils.

Overtime #1


0:01 of 1st overtime period - Zach Parise wins face-off versus Alexander Ovechkin in neutral zone.
0:10 of 1st overtime period - Slapshot by Kristopher Letang.
0:10 of 1st overtime period - Shot Misses the Net.
0:44 of 1st overtime period - Jaden Schwartz is hit by Brad Richards and loses puck.
0:53 of 1st overtime period - Snap shot by Brad Richards.
0:53 of 1st overtime period - Stopped by Anders Lindback without a rebound.
0:54 of 1st overtime period - Mikael Granlund wins face-off versus Zach Parise in Predators zone.
1:16 of 1st overtime period - Anton Stralman is hit by John Moore and loses puck.
1:31 of 1st overtime period - Slapshot by Jaden Schwartz.
1:31 of 1st overtime period - Goal by Jaden Schwartz - Predators : 3 - Devils : 2.
Goals for this period are 1 for Predators vs 0 for Devils.
Shots for this period are 1 for Predators vs 1 for Devils.